SKY
SAN DIEGO PADRES @ ARIZONA DIAMONDBACKS
09/13/2051
 
TOP OF THE 1ST
San Diego Padres batting - Pitching for Arizona Diamondbacks : LHP Robert Valenzuela
Pitching: LHP Robert Valenzuela
Batting: RHB Silvio Sevilla 0-0: Called Strike
0-1: Swinging Strike
0-2: Ball
1-2: Ball
2-2: Foul Ball, location: 2F
2-2: Strikes out swinging
Batting: RHB Des Galindo 0-0: Foul Ball, location: 2F
0-1: Foul Ball, location: 2F
0-2: Foul Ball, location: 2F
0-2: Ball
1-2: Ball
2-2: Ball
3-2: Fly out, F4 (Line Drive, 4M, EV 95.0 MPH)
Batting: LHB Eric Ho 0-0: Ground out 5-3 (Groundball, 56S, EV 78.1 MPH)
Top of the 1st over - 0 runs, 0 hits, 0 errors, 0 left on base; San Diego 0 - Arizona 0
BOTTOM OF THE 1ST
Arizona Diamondbacks batting - Pitching for San Diego Padres : RHP Rod Keller
Pitching: RHP Rod Keller
Batting: LHB Glenn Pichardo 0-0: Called Strike
0-1: Foul Ball, location: 2F
0-2: Ball
1-2: Strikes out swinging
Batting: RHB Duncan Hancock 0-0: Called Strike
0-1: Swinging Strike
0-2: Strikes out looking
Batting: LHB P.T. Bailey 0-0: SOLO HOME RUN (Flyball, 9LD, EV 96.3 MPH), Distance : 362 ft
Batting: LHB Peter Conrad 0-0: Called Strike
0-1: Ball
1-1: Ball
2-1: Swinging Strike
2-2: Fly out, F7 (Flyball, 7D, EV 96.9 MPH)
Bottom of the 1st over - 1 run, 1 hit, 0 errors, 0 left on base; San Diego 0 - Arizona 1
TOP OF THE 2ND
San Diego Padres batting - Pitching for Arizona Diamondbacks : LHP Robert Valenzuela
Batting: LHB Owen Chandler 0-0: Ball
1-0: Foul Ball, location: 2F
1-1: Fly out, F6 (Popup, 4MD, EV 50.0 MPH)
Batting: LHB Lester Flores 0-0: Called Strike
0-1: Ball
1-1: Ball
2-1: Foul Ball, location: 2F
2-2: Ball
3-2: Strikes out looking
Batting: RHB Trinidad Apodaca 0-0: Fly out, F9 (Flyball, 9D, EV 97.5 MPH)
Top of the 2nd over - 0 runs, 0 hits, 0 errors, 0 left on base; San Diego 0 - Arizona 1
BOTTOM OF THE 2ND
Arizona Diamondbacks batting - Pitching for San Diego Padres : RHP Rod Keller
Batting: RHB Gaius Raton 0-0: Ball
1-0: Ball
2-0: Ball
3-0: Base on Balls
Batting: LHB Oliver Paradis 0-0: Reached on error, E3 (Groundball, 23, EV 0.0 MPH)
Gaius Raton to second
Batting: RHB Tadd Bateman 0-0: Swinging Strike
0-1: Ball
1-1: Ball
2-1: Called Strike
2-2: Fly out, F8 (Flyball, 8RM, EV 92.5 MPH)
Batting: RHB Josef Horne 0-0: Swinging Strike
0-1: Swinging Strike
0-2: Foul Ball, location: 2F
0-2: Foul Ball, location: 5FF
0-2: Ball
1-2: Foul Ball, location: 5F
1-2: Strikes out swinging
Batting: RHB Brian Hirai 0-0: Ball
1-0: Ball
2-0: Called Strike
2-1: Ball
3-1: Base on Balls
Gaius Raton to third
Oliver Paradis to second
Batting: LHB Glenn Pichardo 0-0: Ball
1-0: Foul Ball, location: 25F
1-1: Ball
2-1: Called Strike
2-2: Foul Ball, location: 2F
2-2: Strikes out looking
Bottom of the 2nd over - 0 runs, 0 hits, 1 error, 3 left on base; San Diego 0 - Arizona 1
TOP OF THE 3RD
San Diego Padres batting - Pitching for Arizona Diamondbacks : LHP Robert Valenzuela
Batting: LHB Neil Smyth 0-0: Ball
1-0: Ball
2-0: Ball
3-0: Called Strike
3-1: Called Strike
3-2: Strikes out swinging
Batting: RHB Carter Harding 0-0: Called Strike
0-1: Swinging Strike
0-2: Ball
1-2: Strikes out looking
Batting: RHB Josiah Henderson 0-0: Foul Ball, location: 9LSF
0-1: Ball
1-1: Ball
2-1: Ball
3-1: Base on Balls
Batting: RHB Silvio Sevilla 0-0: Ball
1-0: Called Strike
1-1: 2-RUN HOME RUN (Flyball, 7LD, EV 90.6 MPH), Distance : 346 ft
Batting: RHB Des Galindo 0-0: Swinging Strike
0-1: Ball
1-1: Called Strike
1-2: Ball
2-2: Strikes out swinging
Top of the 3rd over - 2 runs, 1 hit, 0 errors, 0 left on base; San Diego 2 - Arizona 1
BOTTOM OF THE 3RD
Arizona Diamondbacks batting - Pitching for San Diego Padres : RHP Rod Keller
Batting: RHB Duncan Hancock 0-0: Foul Ball, location: 2F
0-1: Foul Ball, location: 2RF
0-2: Ground out 5-3 (Groundball, 56, EV 81.9 MPH)
Batting: LHB P.T. Bailey 0-0: Foul Ball, location: 2F
0-1: Called Strike
0-2: Ball
1-2: Strikes out swinging
Batting: LHB Peter Conrad 0-0: Ball
1-0: Foul Ball, location: 3FF
1-1: SINGLE (Groundball, 34D, EV 109.4 MPH)
Batting: RHB Gaius Raton 0-0: Ground out 5-3 (Groundball, 56S, EV 65.6 MPH)
Bottom of the 3rd over - 0 runs, 1 hit, 0 errors, 1 left on base; San Diego 2 - Arizona 1
TOP OF THE 4TH
San Diego Padres batting - Pitching for Arizona Diamondbacks : LHP Robert Valenzuela
Batting: LHB Eric Ho 0-0: Called Strike
0-1: Ground out 4-3 (Groundball, 4, EV 86.9 MPH)
Batting: LHB Owen Chandler 0-0: Swinging Strike
0-1: Ball
1-1: Ball
2-1: Ball
3-1: Base on Balls
Batting: LHB Lester Flores 0-0: Swinging Strike
0-1: Ball
1-1: Foul Ball, location: 3F
1-2: Ball
2-2: Ball
3-2: Strikes out swinging
Batting: RHB Trinidad Apodaca 0-0: Ball
1-0: Fly out, F2 (Popup, 23F, EV 83.1 MPH)
Top of the 4th over - 0 runs, 0 hits, 0 errors, 1 left on base; San Diego 2 - Arizona 1
BOTTOM OF THE 4TH
Arizona Diamondbacks batting - Pitching for San Diego Padres : RHP Rod Keller
Batting: LHB Oliver Paradis 0-0: DOUBLE (Line Drive, 7LD, EV 104.4 MPH)
Batting: RHB Tadd Bateman 0-0: SINGLE (Groundball, 6MD, EV 105.6 MPH)
Oliver Paradis to third
Runner from 3rd tries for Home, SAFE, throw by CF to home
Tadd Bateman to second
Pitching: RHP Paul Grigg
Batting: RHB Josef Horne 0-0: Foul Ball, location: 9LMF
0-1: Ball
1-1: Ball
2-1: Foul Ball, location: 2F
2-2: SINGLE (Line Drive, 3D, EV 95.0 MPH)
Tadd Bateman to third
Batting: RHB Brian Hirai 0-0: Foul Ball, location: 2F
0-1: Called Strike
0-2: Ball
1-2: Ball
2-2: Foul Ball, location: 3DF
2-2: Fly out, F5 (Popup, 5SF, EV 80.0 MPH)
Batting: LHB Glenn Pichardo 0-0: Ball
1-0: Swinging Strike
1-1: Foul Ball, location: 2F
1-2: Fly out, F8 (Line Drive, 8RM, EV 105.0 MPH)
Runner from 3rd tags up, SCORES, no throw by CF
Batting: RHB Duncan Hancock 0-0: Ball
1-0: Ball
2-0: Ball
3-0: Called Strike
3-1: Foul Ball, location: 2F
3-2: Fly out, F8 (Flyball, 8LD, EV 97.5 MPH)
Bottom of the 4th over - 2 runs, 3 hits, 0 errors, 1 left on base; San Diego 2 - Arizona 3
TOP OF THE 5TH
San Diego Padres batting - Pitching for Arizona Diamondbacks : LHP Robert Valenzuela
Batting: LHB Neil Smyth 0-0: Ground out 6-3 (Groundball, 6, EV 90.0 MPH)
Batting: RHB Carter Harding 0-0: Foul Ball, location: 9LMF
0-1: Swinging Strike
0-2: SINGLE (Groundball, 4MD, EV 99.4 MPH)
Batting: RHB Josiah Henderson 0-0: Ball
1-0: Ball
2-0: Ball
3-0: Called Strike
3-1: Called Strike
3-2: Grounds into double play, 6-4-3 (Groundball, 6, EV 88.8 MPH)
Top of the 5th over - 0 runs, 1 hit, 0 errors, 0 left on base; San Diego 2 - Arizona 3
BOTTOM OF THE 5TH
Arizona Diamondbacks batting - Pitching for San Diego Padres : RHP Paul Grigg
Batting: LHB P.T. Bailey 0-0: Ball
1-0: Ball
2-0: Fly out, F3 (Popup, 3SF, EV 83.1 MPH)
Batting: LHB Peter Conrad 0-0: Ball
1-0: Ball
2-0: SINGLE (Flyball, 6D, EV 93.8 MPH)
Batting: RHB Gaius Raton 0-0: Called Strike
0-1: Ball
1-1: Ground out 6-3 (Groundball, 6D, EV 100.0 MPH)
Peter Conrad to second
Batting: LHB Oliver Paradis 0-0: Swinging Strike
0-1: Foul Ball, location: 2F
0-2: Ball
1-2: Ground out 6-3 (Groundball, 6, EV 87.5 MPH)
Bottom of the 5th over - 0 runs, 1 hit, 0 errors, 1 left on base; San Diego 2 - Arizona 3
TOP OF THE 6TH
San Diego Padres batting - Pitching for Arizona Diamondbacks : LHP Robert Valenzuela
Batting: RHB Silvio Sevilla 0-0: Called Strike
0-1: Foul Ball, location: 2F
0-2: Ball
1-2: Ball
2-2: Ball
3-2: Ground out 6-3 (Groundball, 6, EV 80.0 MPH)
Batting: RHB Des Galindo 0-0: Ball
1-0: Foul Ball, location: 2F
1-1: Swinging Strike
1-2: Ball
2-2: Ball
3-2: SINGLE (Line Drive, 8LS, EV 103.1 MPH)
Batting: LHB Eric Ho 0-0: Ball
1-0: Ball
2-0: Ball
3-0: Called Strike
3-1: Base on Balls
Des Galindo to second
Batting: LHB Owen Chandler 0-0: Ball
1-0: Ball
2-0: Ball
3-0: SINGLE (Groundball, 34D, EV 100.0 MPH)
Des Galindo to third
Eric Ho to second
Runner from 3rd tries for Home, SAFE, throw by RF to home
Pinch Runner at 2nd Ron Nester:
Batting: LHB Lester Flores 0-0: Called Strike
0-1: Swinging Strike
0-2: Strikes out looking
Batting: RHB Trinidad Apodaca 0-0: Ball
1-0: Fielders Choice at 2nd, 5-4 (Groundball, 56D, EV 98.8 MPH)
Top of the 6th over - 1 run, 2 hits, 0 errors, 2 left on base; San Diego 3 - Arizona 3
BOTTOM OF THE 6TH
Arizona Diamondbacks batting - Pitching for San Diego Padres : RHP Paul Grigg
Batting: RHB Tadd Bateman 0-0: Ball
1-0: Ball
2-0: Ground out 6-3 (Groundball, 6, EV 87.5 MPH)
Pinch Hitting: LHB Lucas Jordan 0-0: SOLO HOME RUN (Flyball, 89XD, EV 101.3 MPH), Distance : 402 ft
Batting: RHB Brian Hirai 0-0: Ground out 4-3 (Groundball, 34, EV 84.4 MPH)
Batting: LHB Glenn Pichardo 0-0: Foul Ball, location: 9LMF
0-1: DOUBLE (Flyball, 89XD, EV 106.3 MPH)
Batting: RHB Duncan Hancock 0-0: Ball
1-0: Ball
2-0: Swinging Strike
2-1: Foul Ball, location: 9LDF
2-2: Strikes out swinging
Bottom of the 6th over - 1 run, 2 hits, 0 errors, 1 left on base; San Diego 3 - Arizona 4
TOP OF THE 7TH
San Diego Padres batting - Pitching for Arizona Diamondbacks : LHP Robert Valenzuela
Pitching: RHP Andrea Rivero
Now at 2B: Alex Sullivan
Batting: LHB Neil Smyth 0-0: Ball
1-0: Foul Ball, location: 7LSF
1-1: Foul Ball, location: 5F
1-2: Foul Ball, location: 2F
1-2: Strikes out swinging
Batting: RHB Carter Harding 0-0: Ball
1-0: Ball
2-0: Ball
3-0: Base on Balls
Batting: RHB Josiah Henderson 0-0: Called Strike
Carter Harding is caught stealing 2nd base 2-4
0-1: Ball
1-1: Ball
2-1: SINGLE (Groundball, 6MD, EV 95.6 MPH)
Batting: RHB Silvio Sevilla 0-0: Ball
1-0: Ball
2-0: Ball
3-0: Called Strike
3-1: Foul Ball, location: 2F
3-2: Base on Balls
Josiah Henderson to second
Batting: RHB Des Galindo 0-0: Called Strike
0-1: Called Strike
0-2: Ball
1-2: Ground out 4-3 (Groundball, 4S, EV 87.5 MPH)
Top of the 7th over - 0 runs, 1 hit, 0 errors, 2 left on base; San Diego 3 - Arizona 4
BOTTOM OF THE 7TH
Arizona Diamondbacks batting - Pitching for San Diego Padres : RHP Paul Grigg
Batting: LHB P.T. Bailey 0-0: Called Strike
0-1: Foul Ball, location: 7LSF
0-2: Ground out U3 (Groundball, 34, EV 100.0 MPH)
Batting: LHB Peter Conrad 0-0: Called Strike
0-1: Ball
1-1: Fly out, F8 (Flyball, 8LD, EV 90.6 MPH)
Batting: RHB Gaius Raton 0-0: Called Strike
0-1: Fly out, F9 (Flyball, 9, EV 94.4 MPH)
Bottom of the 7th over - 0 runs, 0 hits, 0 errors, 0 left on base; San Diego 3 - Arizona 4
TOP OF THE 8TH
San Diego Padres batting - Pitching for Arizona Diamondbacks : RHP Andrea Rivero
Pitching: RHP Xavier Valdiviezo
Batting: RHB Ron Nester 0-0: Ball
1-0: Foul Ball, location: 2LF
1-1: Foul Ball, location: 9LMF
1-2: Ball
2-2: Fly out, F2 (Popup, 3SF, EV 83.1 MPH)
Batting: LHB Owen Chandler 0-0: Swinging Strike
0-1: Ball
1-1: Foul Ball, location: 2RF
1-2: Foul Ball, location: 2F
1-2: Ball
2-2: Foul Ball, location: 7LMF
2-2: SINGLE (Line Drive, 5D, EV 94.4 MPH)
Batting: LHB Lester Flores 0-0: Called Strike
0-1: Foul Ball, location: 5FF
0-2: Ball
1-2: Strikes out swinging
Batting: RHB Trinidad Apodaca 0-0: Foul Ball, location: 7LDF
0-1: Ball
1-1: Fly out, F6 (Popup, 15, EV 73.8 MPH)
Top of the 8th over - 0 runs, 1 hit, 0 errors, 1 left on base; San Diego 3 - Arizona 4
BOTTOM OF THE 8TH
Arizona Diamondbacks batting - Pitching for San Diego Padres : RHP Paul Grigg
Batting: LHB Oliver Paradis 0-0: Ball
1-0: Called Strike
1-1: SINGLE (Flyball, 3D, EV 91.3 MPH)
Batting: RHB Tadd Bateman 0-0: Ball
Oliver Paradis steals 2nd base
1-0: Foul Ball, location: 2F
1-1: Swinging Strike
1-2: Ball
2-2: Ball
3-2: Foul Ball, location: 9LDF
3-2: Ground out U3 (Groundball, 3S, EV 74.4 MPH)
Oliver Paradis to third
Pitching: RHP Kolter Sarkesian
Batting: RHB Alex Sullivan 0-0: Fly out, F7 (Flyball, 78M, EV 85.6 MPH)
Batting: RHB Brian Hirai 0-0: Foul Ball, location: 3F
0-1: Ball
1-1: Called Strike
1-2: Ball
2-2: Foul Ball, location: 3F
2-2: Foul Ball, location: 25FF
2-2: Fly out, F5 (Popup, 25F, EV 83.1 MPH)
Bottom of the 8th over - 0 runs, 1 hit, 0 errors, 1 left on base; San Diego 3 - Arizona 4
TOP OF THE 9TH
San Diego Padres batting - Pitching for Arizona Diamondbacks : RHP Xavier Valdiviezo
Batting: LHB Neil Smyth 0-0: Ball
1-0: Called Strike
1-1: Swinging Strike
1-2: Ball
2-2: Ball
3-2: SINGLE (Line Drive, 78M, EV 93.8 MPH)
Batting: RHB Carter Harding 0-0: Foul Ball, location: 3F
0-1: Fly out, F4 (Popup, 34, EV 67.5 MPH)
Pinch Hitting: RHB Donny Nuvolari 0-0: SINGLE (Groundball, 6S, EV 70.6 MPH) (infield hit)
Neil Smyth to second
Batting: RHB Silvio Sevilla 0-0: Foul Ball, location: 5F
0-1: Foul Ball, location: 2F
0-2: Ball
1-2: Strikes out swinging
Batting: RHB Des Galindo 0-0: Foul Ball, location: 9LSF
0-1: Swinging Strike
0-2: Foul Ball, location: 9LMF
0-2: Fly out, F8 (Flyball, 8LD, EV 105.0 MPH)
Top of the 9th over - 0 runs, 2 hits, 0 errors, 2 left on base; San Diego 3 - Arizona 4
Saturday, March 30th , 2024 - OOTP Baseball 24.11 Build 85